 Dungeon Crawl Stone Soup version 0.22-b1-21-g5cfc168 (webtiles) character file.

44 tyranidshit the Skirmisher (level 3, -3/51 HPs)
             Began as a Demonspawn Abyssal Knight on Aug 3, 2018.
             Was a Follower of Lugonu.
             Slain by an ice beast (5 damage)
             ... on level 2 of the Dungeon.
             The game lasted 00:02:31 (992 turns).

tyranidshit the Skirmisher (DsAK)                    Turns: 992, Time: 00:02:32

Health: -3/51      AC:  7    Str: 18    XL:     3   Next: 39%
Magic:  4/4        EV: 16    Int: 13    God:    Lugonu [*.....]
Gold:   78         SH:  0    Dex: 17    Spells: 2/2 levels left

rFire    . . .     SeeInvis .   a - +1 hand axe
rCold    . . .     Gourm    .   (no shield)
rNeg     . . .     Faith    .   b - +0 leather armour
rPois    .         Spirit   .   (no helmet)
rElec    .         Reflect  .   (no cloak)
rCorr    .         Harm     .   e - +1 pair of gloves
MR       .....                  (no boots)
Stlth    ..........             (no amulet)
HPRegen  0.00/turn              g - ring of wizardry
MPRegen  0.09/turn              (no ring)

@: agile, berserking (expiring), very quick
A: iridescent scales 1, low mp 1, mutation resistance 1, powered by pain 1,
robust 1, inhibited regeneration
a: Depart the Abyss, Renounce Religion


You were on level 2 of the Dungeon.
You worshipped Lugonu.
Lugonu was aware of your devotion.
You were not hungry.

You visited 1 branch of the dungeon, and saw 2 of its levels.
You visited the Abyss 1 time.

You collected 78 gold pieces.

Inventory:

Hand Weapons
 a - a +1 hand axe (weapon)
Armour
 b - a +0 leather armour (worn)
 e - a +1 pair of gloves (worn)
Jewellery
 g - a ring of wizardry (left hand)
Scrolls
 f - a scroll of identify
 h - a scroll of fog
 i - a scroll of teleportation {unknown}
Potions
 d - a potion of heal wounds
 j - a potion of berserk rage
Comestibles
 c - 3 rations


   Skills:
 + Level 4.5 Fighting
 - Level 1.7 Axes
 - Level 1.7 Armour
 - Level 0.8 Dodging
 - Level 2.4 Invocations


You had 2 spell levels left.
You didn't know any spells.
Your spell library was empty.

Dungeon Overview and Level Annotations

Branches:
Dungeon (2/15)

Altars:
Okawaru


Innate Abilities, Weirdness & Mutations

You are partially covered in iridescent scales. (AC +2)
You sometimes gain a little power by taking damage.
Your magical capacity is low. (-10% MP)
You are somewhat resistant to further mutation.
You are robust. (+10% HP)
You do not regenerate when monsters are visible.


Message History

You hit the ice beast.
The ice beast is moderately wounded.
You miss the jackal. The jackal completely misses you.
The ice beast closely misses you.
The jackal bites you but does no damage.
Unknown command.
You slash the ice beast!
The ice beast is severely wounded.
You slash the jackal!
You kill the jackal!
Lugonu accepts your kill.
The ice beast hits you but does no damage.
Unknown command.
You hit the ice beast.
The ice beast is severely wounded.
A worm comes into view.
The ice beast hits you.
* * * LOW HITPOINT WARNING * * *
The ice beast freezes you.
You die...

##.#........<....
#..>.............w..
#...................
#.............(.....
#.....#.#...........
#....(#.....#g....
#...(...###.......
#....##.###....g..
###+###....##...@Y......
......)....#####††......
......)###.# #........
.......# #.# ##...###.
#......# #†# .....
........ #.#########.##
#.......##.#.........#
...####.##'#.#########
... #...(....#


You could see an ice beast, a worm, a hobgoblin and a goblin.

Vanquished Creatures
  An adder (D:2)
  3 worms (D:2)
  3 giant cockroaches (D:1)
  3 goblins (D:1)
  A hobgoblin (D:2)
  6 jackals
  4 kobolds
  A bat (D:1)
  A rat (D:1)
23 creatures vanquished.

Vanquished Creatures (others)
  A rat (D:1)
1 creature vanquished.

Grand Total: 24 creatures vanquished

Notes
Turn   | Place    | Note
-------+----------+-------------------------------------------
     0 | Abyss:1  | tyranidshit the Demonspawn Abyssal Knight began the quest for the Orb.
     0 | Abyss:1  | Reached XP level 1. HP: 18/18 MP: 2/2
    37 | Abyss:1  | Noticed a raiju
    38 | D:1      | Escaped the Abyss
   182 | D:1      | Gained mutation: You sometimes gain a little power by taking damage. [demonic ancestry]
   182 | D:1      | Reached XP level 2. HP: 4/24 MP: 3/3
   505 | D:1      | Reached * piety under Lugonu
   658 | D:1      | Gained mutation: You are robust. (+10% HP) [potion of mutation]
   658 | D:1      | Gained mutation: Your magical capacity is low. (-10% MP) [potion of mutation]
   658 | D:1      | Gained mutation: You do not regenerate when monsters are visible. [potion of mutation]
   658 | D:1      | Gained mutation: You are somewhat resistant to further mutation. [potion of mutation]
   934 | D:2      | Reached skill level 4 in Fighting
   948 | D:2      | HP: 1/27 [kobold/dagger (4)]
   950 | D:2      | Gained mutation: You are partially covered in iridescent scales. (AC +2) [demonic ancestry]
   950 | D:2      | Reached XP level 3. HP: 2/33 MP: 4/4
   951 | D:2      | Found an iron altar of Okawaru.
   981 | D:2      | Noticed an ice beast
   992 | D:2      | HP: 2/51 [ice beast (1)]
   992 | D:2      | Slain by an ice beast

Skill      XL: |  1  2 |
---------------+-------+-----
Fighting       | 4 |  4.5
Axes           | |  1.7
Armour         | |  1.7
Dodging        | |  0.8
Invocations    | |  2.4

Action                   || total
-------------------------++-------
Melee: Hand axe          ||    96
Invok: Depart the Abyss  ||     1
  Use: Potion            ||     5
       Scroll            ||     5
Armor: Leather armour    ||    39
Dodge: Dodged            ||    75
